SNL (28 & UNDER)
GAINESVILLE GUIDOS @ BLACKIRON DRAGONS
07/22/2030
 
TOP OF THE 1ST
Gainesville Guidos batting - Pitching for BlackIron Dragons : RHP León Delgado
Pitching: RHP León Delgado
Batting: SHB Manuel Díaz 0-0: Called Strike
0-1: Called Strike
0-2: SINGLE (Groundball, 4) (infield hit)
Batting: SHB Cornell Payne 0-0: Called Strike
Pickoff Throw to First - Out!
0-1: Ball
1-1: Fly out, F7 (Flyball, 7)
Batting: RHB César Castillo 0-0: Foul Ball, location: 2F
0-1: Fly out, F9 (Flyball, 9LSF)
Top of the 1st over - 0 runs, 1 hit, 0 errors, 0 left on base; Gainesville 0 - BlackIron 0
BOTTOM OF THE 1ST
BlackIron Dragons batting - Pitching for Gainesville Guidos : LHP Gerardo González
Pitching: LHP Gerardo González
Batting: RHB Joaquín Valenzuela 0-0: Called Strike
0-1: Ball
1-1: Ball
2-1: Ball
3-1: Base on Balls
Batting: RHB Randall Walker 0-0: Swinging Strike
0-1: Grounds into double play, 6-4-3 (Groundball, 6)
Batting: RHB Millard Long 0-0: Called Strike
0-1: Ball
1-1: Ball
2-1: Swinging Strike
2-2: Ball
3-2: Base on Balls
Batting: RHB Júlio Rodríguez 0-0: Called Strike
0-1: Foul Ball, location: 2F
0-2: Strikes out swinging
Bottom of the 1st over - 0 runs, 0 hits, 0 errors, 1 left on base; Gainesville 0 - BlackIron 0
TOP OF THE 2ND
Gainesville Guidos batting - Pitching for BlackIron Dragons : RHP León Delgado
Batting: SHB José Sousa 0-0: Ball
1-0: Called Strike
1-1: Called Strike
1-2: Strikes out swinging
Batting: RHB Adrián López 0-0: SINGLE (Flyball, 8RS)
Batting: RHB George Green 0-0: Fielders Choice at 2nd, 6-4 (Groundball, 6)
Batting: RHB León Reynoso 0-0: Ball
1-0: 2-RUN HOME RUN (Line Drive, 89XD), Distance : 438 ft
Batting: RHB Ricardo Medina 0-0: Ball
1-0: Foul Ball, location: 2F
1-1: Swinging Strike
1-2: Ground out 6-3 (Groundball, 6)
Top of the 2nd over - 2 runs, 2 hits, 0 errors, 0 left on base; Gainesville 2 - BlackIron 0
BOTTOM OF THE 2ND
BlackIron Dragons batting - Pitching for Gainesville Guidos : LHP Gerardo González
Batting: RHB Iván Granados 0-0: Foul Ball, location: 2F
0-1: Ball
1-1: Foul Ball, location: 2F
1-2: Ball
2-2: Strikes out swinging
Batting: RHB Roderick Silva 0-0: Foul Ball, location: 2F
0-1: Ball
1-1: Ball
2-1: Swinging Strike
2-2: Foul Ball, location: 2F
2-2: Foul Ball, location: 2F
2-2: Ball
3-2: Ground out U3 (Groundball, 34)
Batting: RHB Jorge Loanos 0-0: Bunt for hit - play at first, batter OUT! 1-3
Bottom of the 2nd over - 0 runs, 0 hits, 0 errors, 0 left on base; Gainesville 2 - BlackIron 0
TOP OF THE 3RD
Gainesville Guidos batting - Pitching for BlackIron Dragons : RHP León Delgado
Batting: RHB Ronald Cleveland 0-0: Ball
1-0: Ball
2-0: Foul Ball, location: 2F
2-1: Foul Ball, location: 2F
2-2: Foul Ball, location: 2F
2-2: Foul Ball, location: 2F
2-2: Foul Ball, location: 2F
2-2: Foul Ball, location: 2F
2-2: Foul Ball, location: 2F
2-2: Ball
3-2: Foul Ball, location: 2F
3-2: Ground out 1-3 (Groundball, P)
Batting: SHB Manuel Díaz 0-0: Ball
1-0: Ball
2-0: Ball
3-0: Called Strike
3-1: Ground out 3-1 (Groundball, 34S)
Batting: SHB Cornell Payne 0-0: Called Strike
0-1: Ball
1-1: Ball
2-1: Foul Ball, location: 2F
2-2: Ball
3-2: Ground out 4-3 (Groundball, 34)
Top of the 3rd over - 0 runs, 0 hits, 0 errors, 0 left on base; Gainesville 2 - BlackIron 0
BOTTOM OF THE 3RD
BlackIron Dragons batting - Pitching for Gainesville Guidos : LHP Gerardo González
Batting: RHB Jake Erickson 0-0: Ball
1-0: Fly out, F7 (Flyball, 7S)
Batting: LHB Roy Woods 0-0: Fly out, F3 (Line Drive, 3)
Batting: RHB Joaquín Valenzuela 0-0: Ball
1-0: Called Strike
1-1: Ball
2-1: Ball
3-1: TRIPLE (Flyball, 89XD)
Batting: RHB Randall Walker 0-0: Called Strike
0-1: Swinging Strike
0-2: Strikes out swinging
Bottom of the 3rd over - 0 runs, 1 hit, 0 errors, 1 left on base; Gainesville 2 - BlackIron 0
TOP OF THE 4TH
Gainesville Guidos batting - Pitching for BlackIron Dragons : RHP León Delgado
Batting: RHB César Castillo 0-0: Ball
1-0: Called Strike
1-1: SINGLE (Line Drive, 89S)
Batting: SHB José Sousa 0-0: Ball
1-0: Fly out, F8 (Flyball, 89M)
Batting: RHB Adrián López 0-0: Called Strike
0-1: Ball
1-1: Called Strike
César Castillo steals 2nd base
1-2: Ball
2-2: 2-RUN HOME RUN (Flyball, 78XD), Distance : 419 ft
Batting: RHB George Green 0-0: Ball
1-0: Called Strike
1-1: Swinging Strike
1-2: Ball
2-2: Strikes out swinging
Batting: RHB León Reynoso 0-0: Ball
1-0: DOUBLE (Flyball, 8LXD)
Batting: RHB Ricardo Medina 0-0: Called Strike
0-1: SINGLE (Line Drive, 7S)
León Reynoso to third
Runner from 3rd tries for Home, SAFE, no throw
Batting: RHB Ronald Cleveland 0-0: Ball
1-0: 2-RUN HOME RUN (Flyball, 7LD), Distance : 396 ft
Batting: SHB Manuel Díaz 0-0: Fly out, F9 (Flyball, 9LD)
Top of the 4th over - 5 runs, 5 hits, 0 errors, 0 left on base; Gainesville 7 - BlackIron 0
BOTTOM OF THE 4TH
BlackIron Dragons batting - Pitching for Gainesville Guidos : LHP Gerardo González
Batting: RHB Millard Long 0-0: Fly out, F4 (Popup, 4M)
Batting: RHB Júlio Rodríguez 0-0: Called Strike
0-1: Foul Ball, location: 2F
0-2: Ball
1-2: Foul Ball, location: 2F
1-2: Fly out, F4 (Popup, 4)
Batting: RHB Iván Granados 0-0: Ground out 3-1 (Groundball, 23)
Bottom of the 4th over - 0 runs, 0 hits, 0 errors, 0 left on base; Gainesville 7 - BlackIron 0
TOP OF THE 5TH
Gainesville Guidos batting - Pitching for BlackIron Dragons : RHP León Delgado
Batting: SHB Cornell Payne 0-0: Ball
1-0: Foul Ball, location: 2F
1-1: Ball
2-1: Foul Ball, location: 2F
2-2: Ball
3-2: SINGLE (Groundball, 34D)
Batting: RHB César Castillo 0-0: Fly out, F8 (Flyball, 89M)
Batting: SHB José Sousa 0-0: Ball
Cornell Payne steals 2nd base
1-0: Called Strike
1-1: Foul Ball, location: 2F
1-2: Strikes out looking
Batting: RHB Adrián López 0-0: Ball
1-0: Ball
2-0: Foul Ball, location: 2F
2-1: Ball
3-1: Called Strike
3-2: Ground out 6-3 (Groundball, 6)
Top of the 5th over - 0 runs, 1 hit, 0 errors, 1 left on base; Gainesville 7 - BlackIron 0
BOTTOM OF THE 5TH
BlackIron Dragons batting - Pitching for Gainesville Guidos : LHP Gerardo González
Batting: RHB Roderick Silva 0-0: Fly out, F5 (Line Drive, 5)
Batting: RHB Jorge Loanos 0-0: Ball
1-0: Swinging Strike
1-1: Ball
2-1: Fly out, F4 (Line Drive, 4MD)
Batting: RHB Jake Erickson 0-0: Ball
1-0: Ball
2-0: Called Strike
2-1: Reached on error, E6 (Groundball, 6)
Batting: LHB Roy Woods 0-0: Fly out, F8 (Flyball, 8LS)
Bottom of the 5th over - 0 runs, 0 hits, 1 error, 1 left on base; Gainesville 7 - BlackIron 0
TOP OF THE 6TH
Gainesville Guidos batting - Pitching for BlackIron Dragons : RHP León Delgado
Batting: RHB George Green 0-0: Foul Ball, location: 2F
0-1: Ball
1-1: Ball
2-1: Called Strike
2-2: Foul Ball, location: 2F
2-2: Strikes out swinging
Batting: RHB León Reynoso 0-0: Swinging Strike
0-1: Foul Ball, location: 2F
0-2: Ball
1-2: Ball
2-2: Fly out, F7 (Flyball, 7LM)
Batting: RHB Ricardo Medina 0-0: TRIPLE (Line Drive, 8LD)
Pitching: RHP António Molina
Batting: RHB Ronald Cleveland 0-0: Foul Ball, location: 2F
0-1: Ball
1-1: Ball
2-1: Swinging Strike
2-2: Strikes out swinging
Top of the 6th over - 0 runs, 1 hit, 0 errors, 1 left on base; Gainesville 7 - BlackIron 0
BOTTOM OF THE 6TH
BlackIron Dragons batting - Pitching for Gainesville Guidos : LHP Gerardo González
Batting: RHB Joaquín Valenzuela 0-0: Swinging Strike
0-1: Swinging Strike
0-2: Strikes out swinging
Batting: RHB Randall Walker 0-0: SINGLE (Groundball, 6MD)
Batting: RHB Millard Long 0-0: Ball
1-0: Reached on error, E5 (Groundball, 56S)
Randall Walker to second
Batting: RHB Júlio Rodríguez 0-0: Called Strike
0-1: Ball
1-1: Called Strike
1-2: Ball
2-2: Strikes out swinging
Batting: RHB Iván Granados 0-0: Ball
1-0: Ball
2-0: Foul Ball, location: 2F
2-1: Ball
Passed Ball!
Randall Walker to third
Millard Long to second
3-1: Swinging Strike
3-2: DOUBLE (Flyball, 8LXD)
Randall Walker scores
Millard Long scores
Batting: RHB Roderick Silva 0-0: Called Strike
0-1: Called Strike
0-2: Foul Ball, location: 2F
0-2: Ball
1-2: Ball
2-2: Ball
3-2: Fly out, F7 (Line Drive, 7S)
Bottom of the 6th over - 2 runs, 2 hits, 1 error, 1 left on base; Gainesville 7 - BlackIron 2
TOP OF THE 7TH
Gainesville Guidos batting - Pitching for BlackIron Dragons : RHP António Molina
Batting: SHB Manuel Díaz 0-0: Foul Ball, location: 2F
0-1: Swinging Strike
0-2: Ball
1-2: Ball
2-2: Strikes out swinging
Batting: SHB Cornell Payne 0-0: Foul Ball, location: 2F
0-1: Ball
1-1: Called Strike
1-2: Ball
2-2: Foul Ball, location: 2F
2-2: Foul Ball, location: 2F
2-2: Strikes out swinging
Batting: RHB César Castillo 0-0: Called Strike
0-1: Swinging Strike
0-2: Fly out, F9 (Flyball, 9)
Top of the 7th over - 0 runs, 0 hits, 0 errors, 0 left on base; Gainesville 7 - BlackIron 2
BOTTOM OF THE 7TH
BlackIron Dragons batting - Pitching for Gainesville Guidos : LHP Gerardo González
Batting: RHB Jorge Loanos 0-0: Ball
1-0: Called Strike
1-1: Called Strike
1-2: Strikes out swinging
Batting: RHB Jake Erickson 0-0: Fly out, F7 (Flyball, 7)
Batting: LHB Roy Woods 0-0: Foul Ball, location: 2F
0-1: Foul Ball, location: 2F
0-2: Ball
1-2: Foul Ball, location: 2F
1-2: Foul Ball, location: 2F
1-2: Ball
2-2: Ball
3-2: Strikes out looking
Bottom of the 7th over - 0 runs, 0 hits, 0 errors, 0 left on base; Gainesville 7 - BlackIron 2
TOP OF THE 8TH
Gainesville Guidos batting - Pitching for BlackIron Dragons : RHP António Molina
Batting: SHB José Sousa 0-0: Swinging Strike
0-1: Ball
1-1: Ball
2-1: Foul Ball, location: 2F
2-2: Strikes out swinging
Batting: RHB Adrián López 0-0: Foul Ball, location: 2F
0-1: Fly out, F7 (Line Drive, 78M)
Batting: RHB George Green 0-0: SINGLE (Flyball, 9S)
Batting: RHB León Reynoso 0-0: Called Strike
0-1: Ball
1-1: Called Strike
1-2: TRIPLE (Line Drive, 89XD)
George Green scores
Batting: RHB Ricardo Medina 0-0: Fly out, F8 (Flyball, 8LD)
Top of the 8th over - 1 run, 2 hits, 0 errors, 1 left on base; Gainesville 8 - BlackIron 2
BOTTOM OF THE 8TH
BlackIron Dragons batting - Pitching for Gainesville Guidos : LHP Gerardo González
Batting: RHB Joaquín Valenzuela 0-0: Called Strike
0-1: Ball
1-1: SINGLE (Groundball, 6MD)
Batting: RHB Randall Walker 0-0: Foul Ball, location: 2F
0-1: Swinging Strike
0-2: Foul Ball, location: 2F
0-2: Ball
1-2: Ball
2-2: Ball
3-2: Fly out, F7 (Flyball, 7S)
Batting: RHB Millard Long 0-0: Ball
1-0: Swinging Strike
1-1: Foul Ball, location: 2F
1-2: Foul Ball, location: 2F
1-2: Foul Ball, location: 2F
1-2: Strikes out swinging
Batting: RHB Júlio Rodríguez 0-0: Swinging Strike
0-1: SINGLE (Line Drive, 8LS)
Joaquín Valenzuela to second
Runner from 2nd tries for 3rd, SAFE, no throw
Pinch Runner at 3rd Miguel Barrón:
Batting: RHB Iván Granados 0-0: Called Strike
0-1: Swinging Strike
0-2: Fielders Choice at 2nd, 6-4 (Groundball, 6)
Bottom of the 8th over - 0 runs, 2 hits, 0 errors, 2 left on base; Gainesville 8 - BlackIron 2
TOP OF THE 9TH
Gainesville Guidos batting - Pitching for BlackIron Dragons : RHP António Molina
Now in CF: Miguel Barrón
Batting: RHB Ronald Cleveland 0-0: Ground out 5-3 (Groundball, 5S)
Batting: SHB Manuel Díaz 0-0: Called Strike
0-1: Foul Ball, location: 2F
0-2: Strikes out looking
Batting: SHB Cornell Payne 0-0: Ball
1-0: Reached on error, E6 (Groundball, 6)
Batting: RHB César Castillo 0-0: Called Strike
Pickoff Throw to First - Out!
Top of the 9th over - 0 runs, 0 hits, 1 error, 0 left on base; Gainesville 8 - BlackIron 2
BOTTOM OF THE 9TH
BlackIron Dragons batting - Pitching for Gainesville Guidos : LHP Gerardo González
Batting: RHB Roderick Silva 0-0: Called Strike
0-1: Foul Ball, location: 2F
0-2: Strikes out looking
Batting: RHB Jorge Loanos 0-0: Ball
1-0: Ball
2-0: Foul Ball, location: 2F
2-1: Foul Ball, location: 2F
2-2: Strikes out swinging
Batting: RHB Jake Erickson 0-0: Swinging Strike
0-1: Fly out, F6 (Line Drive, 6M)
Bottom of the 9th over - 0 runs, 0 hits, 0 errors, 0 left on base; Gainesville 8 - BlackIron 2
Saturday, April 7th, 2018 - OOTP Baseball 18.8 Build 76